 Dungeon Crawl Stone Soup version 0.31-a0-187-gba352fbbf7 (webtiles) character file.

Game seed: 4803596197998952790

3050 benadryl the Grappler (level 9, -10/96 HPs)
             Began as a Troll Fighter on June 22, 2023.
             Was a Priest of Okawaru.
             Mangled by an orc warrior
             ... wielding a +0 glaive
              (28 damage)
             ... in a bailey.
             The game lasted 00:06:02 (4601 turns).

benadryl the Grappler (Troll Fighter)               Turns: 4601, Time: 00:06:03

Health: -10/96     AC:  6    Str: 30    XL:     9   Next: 57%
Magic:  6/8        EV: 12    Int:  4    God:    Okawaru [***...]
Gold:   408        SH: 11    Dex: 15    Spells: 8/8 levels left

rFire   . .          .
                       - Unarmed
rCold   . . .        b - +1 kite shield
rNeg    + . .        f - +2 robe {rN+}
rPois   .            (helmet restricted)
rElec   .            (no cloak)
rCorr   .            (gloves unavailable)
SInv    .            (boots unavailable)
Will    .....        t - amulet of regeneration
Stlth   +++          s - ring of flight
HPRegen 1.96/turn    x - +6 ring of dexterity
MPRegen 0.11/turn

%: no passive effects
@: heroic, flying
A: large, unfitting armour, claws 3, regeneration 1, shaggy fur 1, tough skin 1
a: Renounce Religion, Heroism


You were in a bailey.
You worshipped Okawaru.
Okawaru was most pleased with you.
You visited 2 branches of the dungeon, and saw 8 of its levels.
You also visited: Bailey.

You collected 408 gold pieces.

Inventory:

Armour
 a - a +0 robe
 b - a +1 kite shield (worn)
 f - a +2 robe of positive energy (worn)
Jewellery
 k - a ring of fire
 l - a ring of ice
 s - a ring of flight (left claw)
 t - an amulet of regeneration (around neck)
 x - a +6 ring of dexterity (right claw)
 y - a +6 ring of dexterity
Wands
 u - a wand of flame (30)
 w - a wand of charming (21)
 z - a wand of acid (8)
 A - a wand of digging (5)
 B - a wand of roots (10)
Scrolls
 e - 3 scrolls of identify {@r1}
 i - a scroll of blinking
 j - 3 scrolls of vulnerability
 o - a scroll of noise
 q - a scroll of immolation
 r - a scroll of poison
 C - 3 scrolls of enchant weapon
Potions
 c - 2 potions of might
 d - a potion of heal wounds
 g - a potion of lignification
 h - 2 potions of mutation
 m - a potion of magic
 n - 6 potions of curing {@q1}
 p - a potion of ambrosia
 v - a potion of resistance


   Skills:
 + Level 8.2(13.2) Fighting
 - Level 2.4(7.4) Dodging
 - Level 2.6(7.6) Shields
 - Level 10.0(15.0) Unarmed Combat


You had 8 spell levels left.
You didn't know any spells.
Your spell library contained the following spells:

 Spells                   Type           Power      Damage    Failure   Level
 Beastly Appendage        Tmut           0%         N/A       67%         1
 Wereblood                Tmut           0%         N/A       82%         2
 Ignite Poison            Fire/Tmut/Pois 0%         N/A       96%         3
 Spider Form              Tmut/Pois      0%         N/A       96%         3
 Sticky Flame             Conj/Fire      0%         2d3       100%        4
 Ignition                 Fire           0%         3d3       100%        8


Dungeon Overview and Level Annotations

Branches:
Dungeon (7/15)             Temple (1/1) D:4          Bailey (1/1)

Altars:
Cheibriados
Dithmenos
Elyvilon
Fedhas
Hepliaklqana
Kikubaaqudgha
Makhleb
Nemelex Xobeh
Okawaru
Qazlal
Ru
Sif Muna
Trog
Uskayaw
Wu Jian
Zin
The Shining One

Shops:
D:4 !   D:5 !


Innate Abilities, Weirdness & Mutations

You are too large for most types of armour.
You have claws for hands.
Your natural rate of healing is unusually fast.
You are covered in fur. (AC +1)
You have tough skin. (AC +1)


Message History

You reach down and open the door.
An orc, 2 orc knights and an orc warrior come into view.
The orc knight shouts!
The orc shouts!
The orc knight shouts!
You block the orc's attack.
The orc knight roars a battlecry!
The orcs go into a battle-frenzy!
Found an encrusted coral ring and a lumpy bone amulet.
Found a roughly hewn altar of Beogh.
Press: ? - help, v - describe, . - travel, g - get item Item here: an encrusted coral ring.
The floor.
Okay, then.
You fail to use your ability.
You block the orc's attack.
The orc knight hits you from afar with a +0 glaive!!
You gain the combat prowess of a mighty hero.
You can no longer speed up your combat.
The orc hits you but does no damage. You block the orc knight's attack.
The orc knight barely misses you.
Okay, then.
There is an open gate here.
The orc knight hits you from afar with a +0 glaive!
You block the orc knight's attack. You block the orc warrior's attack.
The orc hits you with a +0 trident!
The orc knight roars a battlecry!
The orc knight goes into a battle-frenzy!
The orc knight misses you. You block the orc warrior's attack.
There is an open door, spattered with blood here.
You eviscerate the orc knight!!!
The orc knight is heavily wounded.
You block the orc's attack.
The orc knight hits you with a +0 glaive!
The orc knight closely misses you. You block the orc warrior's attack.
You closely miss the orc knight.
The orc knight is heavily wounded.
The orc hits you with a +0 trident!
The orc knight hits you with a +0 glaive!!
* * * LOW HITPOINT WARNING * * *
You block the orc knight's attack.
The orc warrior hits you with a +0 glaive!!
You die...

..≈##.##≈...............≈##.##≈..
..≈#....................)))..#≈..
..≈##)∩#≈...............≈#∩.##≈..
..≈≈#)##≈....#######....≈##.#
...≈≈.≈≈≈...##....##....≈≈≈.≈≈
...........##.....##............
..........##..#'''##.............
..........#..##∩.o##..##.........
.........##.####@####.##.........
.........##.')#ooo#)'.##.........
.........##.###._.###.##.........
.........##.')#".=#)'.##.........
.........##.#########.##.........
..........#..##)#)##..#..........
..........##..#'#'#..##..........
...........##.......##...........
...≈≈.≈≈≈...#########...≈≈≈)≈≈...


You could see 2 orc knights, an orc warrior (strong) and an orc (strong).

Vanquished Creatures
  Pikel (D:6)
  A steam dragon (D:7)
  A water moccasin (D:6)
  Duvessa (D:5)
  11 orc warriors (Bailey)
  2 ogres
  3 centaurs (D:5)
  A phantom (D:6)
  3 scorpions
  Dowan (D:5)
  2 hounds (D:5)
  A jelly (D:6)
  3 orc priests (D:4)
  A sleepcap (D:5)
  An iguana (D:5)
  4 orc wizards
  A gnoll (D:1)
  5 adders
  A white imp (D:6)
  2 worms
  5 dart slugs
  28 orcs
  10 ball pythons
  9 endoplasms
  A giant cockroach (D:1)
  9 goblins
  8 hobgoblins
  9 kobolds
  2 quokkas
  10 bats
  6 frilled lizards
  3 rats
146 creatures vanquished.

Notes
Turn   | Place    | Note
-------+----------+-------------------------------------------
     0 | D:1      | benadryl the Troll Fighter began the quest for the Orb.
     0 | D:1      | Reached XP level 1. HP: 22/22 MP: 0/0
    45 | D:1      | Reached XP level 2. HP: 27/29 MP: 1/1
   224 | D:1      | Reached skill level 3 in Unarmed Combat
   310 | D:1      | Reached XP level 3. HP: 24/36 MP: 2/2
   805 | D:2      | Noticed a scorpion
   811 | D:2      | Killed a scorpion
   812 | D:2      | Reached skill level 4 in Unarmed Combat
   812 | D:2      | Reached XP level 4. HP: 42/45 MP: 3/3
  1477 | D:3      | Reached XP level 5. HP: 53/53 MP: 4/4
  2134 | D:4      | Found Raliofon's Distillery.
  2235 | D:4      | Reached skill level 5 in Unarmed Combat
  2237 | D:4      | Reached XP level 6. HP: 44/62 MP: 5/5
  2316 | D:4      | Found a staircase to the Ecumenical Temple.
  2484 | Temple   | Entered the Ecumenical Temple
  2550 | Temple   | Became a worshipper of Warmaster Okawaru
  2744 | D:5      | Entered Level 5 of the Dungeon
  2751 | D:5      | Noticed Dowan
  2754 | D:5      | Noticed Duvessa
  2757 | D:5      | Reached skill level 6 in Unarmed Combat
  2758 | D:5      | Killed Dowan
  2759 | D:5      | Reached XP level 7. HP: 70/70 MP: 6/6
  2764 | D:5      | Killed Duvessa
  2768 | D:5      | Reached * piety under Okawaru
  2825 | D:5      | Reached skill level 7 in Unarmed Combat
  2967 | D:5      | Reached skill level 5 in Fighting
  3031 | D:5      | Reached XP level 8. HP: 31/80 MP: 7/7
  3169 | D:5      | Found Nuomuy's Distillery.
  3363 | D:6      | Reached skill level 8 in Unarmed Combat
  3489 | D:6      | Reached ** piety under Okawaru
  3671 | D:6      | Found a hide-covered altar of Uskayaw.
  3767 | D:6      | Noticed Pikel
  3777 | D:6      | Killed Pikel
  3777 | D:6      | Reached *** piety under Okawaru
  3778 | D:6      | Reached skill level 9 in Unarmed Combat
  4318 | D:7      | Reached XP level 9. HP: 62/89 MP: 8/8
  4361 | D:7      | Found a flagged portal.
  4390 | Bailey   | Entered a bailey
  4409 | Bailey   | Reached skill level 10 in Unarmed Combat
  4557 | Bailey   | Reached **** piety under Okawaru
  4594 | Bailey   | Noticed an orc knight
  4594 | Bailey   | Noticed an orc knight
  4601 | Bailey   | Mangled by an orc warrior

Illustrated notes

Levels and vault maps discovered:
D:1:      scummos_arrival_hexagon, layout_rooms, chequers_jeans
D:2:      wad_river_or_something, layout_loops_ring, minmay_misc_feat_square
D:3:      kennysheep_big_flooded_room, layout_basic, minmay_crystal_water
D:4:      layout_cave_pools, minmay_temple_entry_grid, serial_shops, shop,
          amcnicky_mini_rare_corridor_liquid
D:5:      layout_basic, serial_shops, nicolae_shop_behind_doors, uniq_duvessa
D:6:      layout_loops_corners, nicolae_overflow_crystal_walls, uniq_pikel
D:7:      layout_basic, fiery_altar_vehumet, gammafunk_ghost_gnarly_gnolls,
          enter_bailey_5
Temple:   nicolae_temple_x_marks_the_god
Bailey:   bailey_polearm_2, bailey

Skill      XL: |  1  2  3  4  5  6  7  8  9 |
---------------+----------------------------+-----
Unarmed Combat | 3 4 5 6 7 9 10 | 10.0
Fighting       | 3 4 5 6 8 |  8.2
Dodging        | |  2.4
Shields        | |  2.6

Action                     |  1- 3 |  4- 6 |  7- 9 || total
---------------------------+-------+-------+-------++-------
  Melee: Unarmed           |    85 |   131 |   212 ||   428
 Invoke: Heroism           |       |       |     1 ||     1
    Use: Scroll            |       |    13 |     3 ||    16
         Potion            |       |     1 |     1 ||     2
   Stab: Sleeping          |       |     2 |     1 ||     3
 Armour: Robe              |    23 |    44 |    63 ||   130
  Dodge: Dodged            |    24 |    40 |    82 ||   146
  Block: Kite shield       |    22 |    62 |   109 ||   193

Table legend: (Time is in decaauts)
 A = Elapsed time spent in this place.
 B = Non-inter-level travel time spent in this place.
 C = Inter-level travel time spent in this place.
 D = Time resting spent in this place.
 E = Time spent auto-exploring this place.
 F = Levels seen in this place.
 G = Mean time per level.
                   A        B        C        D        E       F      G
               +--------+--------+--------+--------+--------+-----+--------+
         Total |   4595 |   4378 |    217 |      0 |   3335 |   9 |  510.6 |
       Dungeon |   4314 |   4123 |    191 |      0 |   3289 |   7 |  616.3 |
        Temple |     76 |     51 |     25 |      0 |     46 |   1 |   76.0 |
        Bailey |    204 |    204 |      0 |      0 |      0 |   1 |  204.0 |
               +--------+--------+--------+--------+--------+-----+--------+

Top non-repeatable levels by time:
     D:6: 975 daAuts
     D:2: 939 daAuts
     D:3: 796 daAuts
     D:5: 578 daAuts
     D:4: 533 daAuts
     D:1: 405 daAuts
  Bailey: 204 daAuts
     D:7: 86 daAuts
  Temple: 76 daAuts
